 Dungeon Crawl Stone Soup version 0.31-a0-1002-g8e65716e6e (webtiles) character file.

Game seed: 9719447751172977036

270727 BinkBink the Executioner (level 19, -16/187 HPs)
             Began as a Minotaur Fighter on Nov 9, 2023.
             Was the Champion of Qazlal.
             Killed from afar by a deep elf high priest (42 damage)
             ... with damnation
             ... on level 3 of the Elven Halls.
             The game lasted 01:01:35 (33097 turns).

BinkBink the Executioner (Minotaur Fighter)        Turns: 33097, Time: 01:01:36

Health: -16/187    AC: 28    Str: 37    XL:     19   Next: 43%
Magic:  26/26      EV:  9    Int:  8    God:    Qazlal [******]
Gold:   1864       SH: 32    Dex: 18    Spells: 18/18 levels left

rFire   . . .        V - +9 war axe (vamp)
rCold   + . .        T - +1 tower shield
rNeg    + . .        J - +7 chain mail of the Uplifting Gods {rN+ Will- Str+2 Dex+8}
rPois   .            x - +1 hat {Int+3}
rElec   .            Y - +0 cloak
rCorr   .            l - +0 pair of gloves
SInv    .            R - +3 pair of mountain boots {steadfast, rC+}
Will    .....        d - amulet of regeneration Stlth
                     N - +4 ring of slaying
HPRegen 1.31/turn    n - +6 ring of strength
MPRegen 0.20/turn

%: repel missiles
@: corroded
A: horns 2, retaliatory headbutt
}: 2/15 runes: decaying, gossamer
a: Renounce Religion, Upheaval, Elemental Force, Disaster Area


You were on level 3 of the Elven Halls.
You worshipped Qazlal.
Qazlal was exalted by your worship.
You visited 7 branches of the dungeon, and saw 34 of its levels.
You visited the Abyss 2 times.
You also visited: Sewer and Ossuary.

You collected 3161 gold pieces.
You spent 1297 gold pieces at shops.

Inventory:

Hand Weapons
 V - a +9 vampiric war axe (weapon)
 Z - a +4 war axe of freezing
Armour
 l - a +0 pair of gloves (worn)
 x - a +1 hat of intelligence (worn)
 E - a +0 kite shield of reflection
 J - the +7 chain mail of the Uplifting Gods (worn) {rN+ Will- Str+2 Dex+8}
   (You found it on level 7 of the Dungeon)

   Str+2:     It affects your strength (+2).
   Dex+8:     It affects your dexterity (+8).
   rN+:       It protects you from negative energy.
   Will-:     It decreases your willpower.
 R - the +3 pair of mountain boots (worn) {steadfast, rC+}
   (You found it on level 15 of the Dungeon)

   Steadfast: It prevents involuntary movement, except for blinking,
   teleportation, or banishment.
   rC+:       It protects you from cold.
 T - a +1 tower shield (worn)
 Y - a +0 cloak (worn)
Jewellery
 d - an amulet of regeneration (around neck)
 e - a +4 ring of protection
 k - a ring of see invisible
 n - a +6 ring of strength (right hand)
 s - a ring of willpower
 t - the ring of Etsim {Fly Int+5 Dex-4}
   (You acquired it on level 1 of the Swamp)

   [ring of flight]

   Int+5:     It affects your intelligence (+5).
   Dex-4:     It affects your dexterity (-4).
   Fly:       It grants you flight.
 y - a ring of fire
 z - a +5 ring of evasion
 D - a ring of magical power
 F - a +6 ring of dexterity
 G - a ring of flight
 L - an amulet of reflection
 N - a +4 ring of slaying (left hand)
Wands
 a - a wand of charming (25)
 h - a wand of flame (42)
 B - a wand of acid (19)
 K - a wand of roots (17)
 O - a wand of polymorph (8)
 P - a wand of digging (3)
Scrolls
 b - 5 scrolls of identify
 c - a scroll of silence
 i - 4 scrolls of enchant weapon
 j - 2 scrolls of butterflies
 p - 2 scrolls of amnesia
 u - 5 scrolls of revelation
 w - 5 scrolls of poison
 A - 7 scrolls of fog
 H - 11 scrolls of teleportation
 Q - 6 scrolls of fear
 X - 4 scrolls of enchant armour
Potions
 f - 16 potions of curing
 g - 4 potions of haste
 m - 5 potions of mutation
 o - 2 potions of ambrosia
 q - 2 potions of berserk rage
 r - 4 potions of cancellation
 v - 5 potions of invisibility
 C - 5 potions of might
 I - 4 potions of enlightenment
 M - 3 potions of magic
 S - 5 potions of brilliance
 U - 3 potions of resistance
 W - 5 potions of heal wounds


   Skills:
 + Level 20.6 Fighting
 + Level 22.3 Axes
 + Level 20.6 Armour
 + Level 20.6 Shields
 + Level 11.6 Invocations


You had 18 spell levels left.
You didn't know any spells.
Your spell library contained the following spells:

 Spells                   Type           Power      Damage    Failure   Level
 Apportation              Tloc           0%         N/A       75%         1
 Foxfire                  Conj/Fire      0%         2x1d4     75%         1
 Kiss of Death            Conj/Necr      0%         2d5       75%         1
 Magic Dart               Conj           0%         1d3       75%         1
 Summon Small Mammal      Summ           0%         N/A       75%         1
 Call Imp                 Summ           0%         N/A       87%         2
 Cigotuvi's Dreadful Rot  Necr/Pois/Air  0%         N/A       87%         2
 Jinxbite                 Hex            0%         N/A       87%         2
 Lesser Beckoning         Tloc           0%         N/A       87%         2
 Searing Ray              Conj           0%         2d4       87%         2
 Wereblood                Tmut           0%         N/A       87%         2
 Confusing Touch          Hex            0%         N/A       98%         3
 Frozen Ramparts          Ice            0%         1d1       98%         3
 Gell's Gravitas          Tloc           0%         N/A       98%         3
 Inner Flame              Hex/Fire       0%         N/A       98%         3
 Mephitic Cloud           Conj/Pois/Air  0%         N/A       98%         3
 Stone Arrow              Conj/Erth      0%         3d7       98%         3
 Summon Guardian Golem    Hex/Summ       0%         N/A       98%         3
 Teleport Other           Tloc           0%         N/A       98%         3
 Tukima's Dance           Hex            0%         N/A       98%         3
 Anguish                  Hex/Necr       0%         N/A       100%        4
 Animate Armour           Summ/Erth      0%         N/A       100%        4
 Cause Fear               Hex            0%         N/A       100%        4
 Dimensional Bullseye     Hex/Tloc       0%         N/A       100%        4
 Dispel Undead            Necr           0%         3d6       100%        4
 Fulminant Prism          Conj/Hex       0%         3d5       100%        4
 Iskenderun's Mystic Bla  Conj/Tloc      0%         2d3       100%        4
 Passage of Golubria      Tloc           0%         N/A       100%        4
 Petrify                  Tmut/Erth      0%         N/A       100%        4
 Summon Ice Beast         Ice/Summ       0%         N/A       100%        4
 Alistair's Intoxication  Tmut/Pois      0%         N/A       100%        5
 Irradiate                Conj/Tmut      0%         3d11      100%        5
 Metabolic Englaciation   Hex/Ice        0%         N/A       100%        5
 Silence                  Hex/Air        0%         N/A       100%        5
 Summon Forest            Summ/Tloc      0%         N/A       100%        5
 Yara's Violent Unravell  Hex/Tmut       0%         3d3       100%        5
 Death Channel            Necr           0%         N/A       100%        6
 Plasma Beam              Fire/Air       0%         2x1d10    100%        6
 Starburst                Conj/Fire      0%         6d3       100%        6
 Enfeeble                 Hex            0%         N/A       100%        7
 Haunt                    Necr/Summ      0%         N/A       100%        7
 Orb of Destruction       Conj           0%         9d5       100%        7
 Spellforged Servitor     Conj/Summ      0%         N/A       100%        7
 Lehudib's Crystal Spear  Conj/Erth      0%         10d2      100%        8


Dungeon Overview and Level Annotations

Branches:
Dungeon (15/15)            Temple (1/1) D:4            Lair (5/5) D:8
  Swamp (4/4) Lair:3       Spider (4/4) Lair:2        Slime (0/5) Lair:4
    Orc (2/2) D:9             Elf (3/3) Orc:2        Vaults (0/5) D:14
 Depths (0/4) D:15          Sewer (visited)         Ossuary (visited)

Altars:
Ashenzari
Cheibriados
Dithmenos
Elyvilon
Fedhas
Gozag
Hepliaklqana
Kikubaaqudgha
Makhleb
Nemelex Xobeh
Okawaru
Qazlal
Ru
Sif Muna
Trog
Uskayaw
Vehumet
Wu Jian
Xom
Yredelemnul
Zin
The Shining One
Jiyva

Shops:
D:1 *   D:9 *   D:10 (?!   Orc:1 [   Orc:2 *:[!

Annotations:
D:15 3 runed translucent doors, Drangen's ghost, journeyman SpHu
Spider:1 3 runed translucent doors, CrazyBamboolord's ghost, adept OgSh
Elf:2 3 runed translucent doors


Innate Abilities, Weirdness & Mutations

You have a pair of horns on your head.
You reflexively headbutt those who attack you in melee.


Message History

The deep elf high priest mumbles some strange prayers to its god against you.
Something smites you!
* * * LOW HITPOINT WARNING * * *
You swap places.
The deep elf demonologist seems less brilliant.
Your butterfly is engulfed in a thunderstorm.
You kill your butterfly!
Your butterfly disappears in a burst of colours!
The deep elf elementalist hits your butterfly with a +1 long sword of holy wrath!
Your butterfly dies!
Your butterfly disappears in a burst of colours!
The sun demon hits your butterfly!
Your butterfly dies!
Your butterfly disappears in a burst of colours!
Your butterfly is engulfed in freezing vapours.
You kill your butterfly!
Your butterfly disappears in a burst of colours!
Your butterfly is engulfed in blazing flames.
You kill your butterfly!
Your butterfly disappears in a burst of colours!
The hell beast barely misses your butterfly.
The hell beast tramples your butterfly!
Your butterfly holds its ground!
Your butterfly dies!
Your butterfly disappears in a burst of colours!
The deep elf annihilator casts a spell.
The deep elf annihilator blinks!
The deep elf elementalist is engulfed in freezing vapours.
The Brimstone Fiend barely misses your butterfly.
The Brimstone Fiend closely misses your butterfly.
The Brimstone Fiend barely misses your butterfly.
The Ice Fiend claws your butterfly!!
Your butterfly dies!
Your butterfly disappears in a burst of colours!
The sun demon hits your butterfly!!
Your butterfly dies!
Your butterfly disappears in a burst of colours!
The deep elf demonologist is empowered by the deep elf high priest's aura!
The deep elf high priest mumbles some strange prayers to its god against you.
The sphere of damnation explodes!
The damnation engulfs you!!!
You die...

##.○.3☼##
###...○○○☼###
#.e..22e....#
#..bbe2○[...#
#.b.b114)..b#
#...b[3○be..#
#.bbbb.°☼b..#
#...§bb.☼e..#
###...@°§.###
##.bb..##
###.### #b#
#.# #.# #.##
#..#
##.#######


You could see a Brimstone Fiend (summoned), an Ice Fiend (summoned, ally
target), a hell beast (summoned), a balrug (summoned), a deep elf annihilator
(empowered, ally target), 2 deep elf elementalists, a sun demon (summoned, ally
target), a deep elf demonologist (empowered), a deep elf high priest (brilliance
aura, ally target), a hellwing (summoned) and a hellion (summoned).

Vanquished Creatures
  A bone dragon (Abyss:2)
  Arachne (Spider:2)
  Rupert (Spider:1)
  A lich (Abyss:2)
  3 deep elf blademasters (Elf:3)
  A tentacled starspawn (Abyss:2)
  A deep elf master archer (Elf:3)
  2 azure jellies (Swamp:4)
  Donald (Swamp:2)
  A thorn hunter (Swamp:3)
  10 deep elf elementalists
  6 deep elf sorcerers
  Louise (Swamp:2)
  5 emperor scorpions
  11 ghost moths
  A reaper (Abyss:2)
  2 very ugly things (Abyss:2)
  A stone giant (D:15)
  A broodmother (Spider:2)
  3 deep elf demonologists (Elf:3)
  2 deep elf annihilators (Elf:3)
  3 bunyips (Swamp:2)
  2 eleionomae
  2 spark wasps (Spider:4)
  Snorg (D:10)
  2 deep elf death magi (Elf:3)
  A shambling mangrove (Swamp:2)
  3 deep elf high priests
  5 entropy weavers
  10 hydras
  Harold (Orc:1)
  4 vault guards (D:14)
  6 alligators
  3 ghost crabs
  8 jorogumos
  Erica (Lair:1)
  2 radroaches
  An ice dragon (Swamp:4)
  4 two-headed ogres
  2 centaur warriors
  13 tengu warriors
  7 boulder beetles
  12 dancing weapons
  3 hell hogs (Abyss:2)
  12 demonic crawlers
  6 orc high priests (Orc:2)
  9 deep elf knights
  5 skeletal warriors
  A wretched star (Abyss:2)
  3 skysharks
  3 goliath frogs (Swamp:2)
  4 swamp dragons
  2 spriggan druids (Swamp:3)
  6 pharaoh ants
  14 orb spiders
  5 bog bodies
  8 orc knights
  7 steelbarb worms
  11 deep elf archers
  2 lindwurms (Lair:5)
  3 harpies (D:12)
  22 deep elf pyromancers
  An iron dragon zombie (Abyss:2)
  32 wolf spiders
  23 deep elf zephyrmancers
  2 oklob plants (Lair:4)
  7 ugly things
  3 manticores
  6 cyclopes
  2 orc sorcerers
  2 will-o-the-wisps (Swamp:2)
  4 moths of wrath
  6 elephants (Lair:3)
  7 black mambas
  2 apocalypse crabs (Abyss:2)
  9 torpor snails
  3 gargoyles
  An unseen horror (D:13)
  8 cane toads
  4 kobold demonologists (D:12)
  3 smoke demons (Abyss:2)
  An orange demon (Abyss:2)
  A rime drake (Lair:3)
  8 komodo dragons
  A rime drake (shapeshifter) (D:14)
  2 tengu conjurers
  4 freezing wraiths (Swamp:4)
  3 efreet
  8 trolls
  13 tyrant leeches
  11 polar bears
  7 hornets
  7 meliai
  A merfolk (shapeshifter) (D:14)
  Prince Ribbit (D:5)
  26 tarantellas
  6 raiju
  The ghost of MainBain the Conjurer, an amateur HuCj (D:4)
  12 blink frogs
  A flying skull (Abyss:2)
  26 jumping spiders
  7 spriggans
  5 air elementals
  7 slime creatures
  16 culicivoras
  2 shadows
  2 wraiths
  5 wyverns
  2 water elementals
  65 yaks
  4 fire bats (D:9)
  2 fire elementals
  4 basilisks
  A steam dragon (D:6)
  A neqoxec (Abyss:2)
  14 vampire mosquitoes
  49 redbacks
  6 swamp worm simulacra (Swamp:4)
  3 acid dragons
  15 swamp worms
  6 wargs
  A naga zombie (Abyss:2)
  16 hell hounds
  13 hydra simulacra (Swamp:4)
  17 water moccasins
  7 swamp drakes
  14 black bears
  37 orc warriors
  3 sky beasts (D:7)
  3 black bears (shapeshifter)
  3 ice beasts (D:6)
  4 ogres
  7 centaurs
  50 wolves
  A phantom (D:4)
  6 kobold brigands
  10 bullfrogs
  3 scorpions
  2 earth elementals (Elf:2)
  8 wights
  3 small abominations (Abyss:2)
  5 killer bees
  2 howler monkeys
  2 lava snakes (D:9)
  3 quasits (D:5)
  14 jellies
  33 orc priests
  A gnoll bouda (D:7)
  5 hounds
  7 iguanas
  3 sleepcaps
  13 orc wizards
  A mummy (Ossuary)
  8 gnolls
  9 adders
  3 river rats
  5 shadow imps
  3 white imps
  2 swamp drake simulacra (Swamp:4)
  3 dart slugs
  66 orcs
  7 ball pythons
  7 bats
  27 endoplasms
  9 giant cockroaches
  8 goblins
  7 hobgoblins
  11 jackals
  16 kobolds
  3 quokkas
  3 frilled lizards (D:3)
  7 gnoll skeletons (Ossuary)
  A goblin zombie (D:4)
  10 kobold skeletons (Ossuary)
  8 orc skeletons (Ossuary)
  9 rats
  A rat zombie (D:4)
1286 creatures vanquished.

Vanquished Creatures (others)
  An ice dragon (Swamp:4)
  2 deep elf knights
  A goliath frog (Swamp:4)
  An orb spider (Spider:4)
  A harpy (D:12)
  A deep elf pyromancer (Elf:1)
  A wolf spider (Spider:4)
  A bloated husk (Swamp:4)
  A wolf spider simulacrum (D:14)
  A hornet (Swamp:1)
  A redback (Spider:2)
  A swamp worm (Swamp:4)
  An ufetubus (D:7)
  10 foxfires (Swamp:2)
  2 starspawn tentacles (Abyss:2)
26 creatures vanquished.

Grand Total: 1312 creatures vanquished

Notes
Turn   | Place    | Note
-------+----------+-------------------------------------------
     0 | D:1      | BinkBink the Minotaur Fighter began the quest for the Orb.
     0 | D:1      | Reached XP level 1. HP: 19/19 MP: 0/0
    81 | D:1      | Reached XP level 2. HP: 27/27 MP: 1/1
   395 | D:1      | Reached skill level 3 in Axes
   519 | D:1      | Reached XP level 3. HP: 33/33 MP: 2/2
   539 | D:1      | Found Ysyr's General Store.
  1013 | D:2      | Reached XP level 4. HP: 40/41 MP: 3/3
  1382 | D:3      | Identified the +0 chain mail of the Harvest Moon {+Inv rC-
                  | Int+3 Slay+5}
  1662 | D:4      | Found a staircase to the Ecumenical Temple.
  1670 | D:4      | Reached XP level 5. HP: 23/47 MP: 4/4
  1683 | Temple   | Entered the Ecumenical Temple
  1698 | Temple   | Became a worshipper of Qazlal Stormbringer
  1716 | D:4      | Reached skill level 4 in Axes
  1727 | D:4      | Noticed a phantom
  1741 | D:4      | Reached skill level 5 in Fighting
  1756 | D:4      | Killed a phantom
  1757 | D:4      | Reached skill level 5 in Armour
  1757 | D:4      | Reached skill level 5 in Shields
  1757 | D:4      | Reached XP level 6. HP: 56/56 MP: 5/5
  1762 | D:4      | Found a sand-covered staircase.
  1779 | Ossuary  | Entered an ossuary
  1779 | Ossuary  | Noticed a wraith
  1779 | Ossuary  | Noticed a wraith
  1779 | Ossuary  | Noticed a wraith
  1831 | Ossuary  | Noticed a wraith
  1842 | Ossuary  | Killed a wraith
  1898 | Ossuary  | Reached * piety under Qazlal
  2081 | D:4      | Found a runed translucent gate.
  2082 | D:4      | Found a runed translucent gate.
  2086 | D:4      | Found a runed translucent gate.
  2086 | D:4      | Noticed MainBain's ghost (amateur HuCj)
  2140 | D:4      | Reached skill level 5 in Axes
  2140 | D:4      | Reached XP level 7. HP: 62/62 MP: 6/6
  2429 | D:5      | Entered Level 5 of the Dungeon
  2483 | D:5      | Reached ** piety under Qazlal
  2650 | D:5      | Found an opulent altar of Gozag.
  2693 | D:5      | Identified the +3 ring mail "Soun" {Rampage Int+4}
  2741 | D:5      | Found a white marble altar of Elyvilon.
  2769 | D:5      | Found a sacrificial altar of Ru.
  2830 | D:5      | Reached skill level 6 in Axes
  2830 | D:5      | Reached XP level 8. HP: 70/71 MP: 7/7
  2985 | D:5      | Noticed Prince Ribbit
  3016 | D:5      | Killed Prince Ribbit
  3257 | D:6      | Found a glowing drain.
  3277 | Sewer    | Entered a sewer
  3289 | Sewer    | Reached *** piety under Qazlal
  3397 | Sewer    | Found a white marble altar of Elyvilon.
  3551 | D:6      | Reached skill level 7 in Axes
  3705 | D:6      | Found a transporter.
  3929 | D:6      | Reached XP level 9. HP: 76/81 MP: 8/8
  4079 | D:6      | Found a transporter.
  4191 | D:7      | Identified the "Iffapur"
  4564 | D:7      | Reached skill level 8 in Axes
  4700 | D:7      | Noticed a troll
  4711 | D:7      | Killed a troll
  4719 | D:7      | Reached **** piety under Qazlal
  4882 | D:7      | Noticed a two-headed ogre
  4882 | D:7      | Noticed a gargoyle
  4882 | D:7      | Noticed a two-headed ogre
  4882 | D:7      | Noticed a boulder beetle
  4956 | D:7      | Killed a two-headed ogre
  4957 | D:7      | Reached skill level 9 in Axes
  4957 | D:7      | Reached XP level 10. HP: 80/91 MP: 9/9
  5240 | D:7      | Killed a boulder beetle
  5427 | D:7      | Noticed a cyclops
  5429 | D:7      | Noticed a green ugly thing
  5432 | D:7      | Killed a cyclops
  5440 | D:7      | Killed a green ugly thing
  5441 | D:7      | Reached skill level 10 in Fighting
  5441 | D:7      | Reached skill level 10 in Armour
  5441 | D:7      | Reached skill level 10 in Shields
  5607 | D:7      | Killed a two-headed ogre
  5647 | D:7      | Killed a gargoyle
  5648 | D:7      | Reached skill level 10 in Axes
  5753 | D:7      | Identified the +7 chain mail of the Uplifting Gods {rN+
                  | Will- Str+2 Dex+8}
  5897 | D:8      | Found a staircase to the Lair.
  5962 | D:8      | Found a snail-covered altar of Cheibriados.
  6506 | D:9      | Found a staircase to the Orcish Mines.
  6688 | D:9      | Found Paacvaf's Lightly-Used Armoury.
  6757 | D:9      | Found a glowing golden altar of the Shining One.
  6763 | D:9      | Identified the +2 chain mail of Cowardice {rC+ rN+}
  6861 | D:9      | Found a shimmering altar of Xom.
  6904 | D:9      | Reached XP level 11. HP: 83/101 MP: 10/10
  7108 | D:9      | Found a bloodstained altar of Trog.
  7252 | D:10     | Entered Level 10 of the Dungeon
  7277 | D:10     | Noticed a two-headed ogre
  7285 | D:10     | Killed a two-headed ogre
  7311 | D:10     | Reached skill level 11 in Axes
  7604 | D:10     | Reached ***** piety under Qazlal
  7750 | D:10     | Found Qalask's Antique Weapon Shop.
  7759 | D:10     | Bought a glowing war axe for 123 gold pieces
  7800 | D:10     | Noticed Snorg
  7812 | D:10     | Killed Snorg
  7983 | D:10     | Found Bioshros's Magic Scroll Boutique.
  7986 | D:10     | Bought a scroll of identify for 28 gold pieces
  7986 | D:10     | Bought a scroll of identify for 28 gold pieces
  7986 | D:10     | Bought a scroll of identify for 28 gold pieces
  8013 | D:10     | Found Xotu's Distillery.
  8020 | D:10     | Bought a potion of degeneration for 14 gold pieces
  8478 | D:11     | Noticed a purple ugly thing
  8502 | D:11     | Killed a purple ugly thing
  8923 | D:12     | Noticed a boulder beetle
  8924 | D:12     | Noticed a skeletal warrior
  8926 | D:12     | Noticed a skeletal warrior
  8927 | D:12     | Noticed a skeletal warrior
  8927 | D:12     | Noticed a skeletal warrior
  8927 | D:12     | Noticed a tengu warrior
  8995 | D:12     | Noticed a two-headed ogre
  9003 | D:12     | Killed a two-headed ogre
  9047 | D:12     | Reached skill level 12 in Axes
  9067 | D:12     | Reached XP level 12. HP: 103/113 MP: 11/11
  9178 | D:12     | Noticed a tengu warrior
  9187 | D:12     | Killed a tengu warrior
  9245 | D:12     | Noticed a tengu warrior
  9246 | D:12     | Killed a tengu warrior
  9260 | D:12     | Noticed a tengu warrior
  9261 | D:12     | Killed a tengu warrior
  9267 | D:12     | Killed a tengu warrior
  9465 | D:12     | Killed a boulder beetle
  9466 | D:12     | Reached skill level 13 in Axes
 10247 | D:13     | Noticed a tengu warrior
 10266 | D:13     | Killed a tengu warrior
 10458 | D:13     | You fall into a shaft and drop 2 floors!
 10458 | D:15     | Entered Level 15 of the Dungeon
 10470 | D:15     | Noticed a centaur warrior
 10473 | D:15     | Noticed a tengu warrior
 10476 | D:15     | Killed a centaur warrior
 10477 | D:15     | Reached XP level 13. HP: 123/123 MP: 12/12
 10595 | D:15     | Found an iron altar of Okawaru.
 10731 | D:14     | Reached skill level 14 in Axes
 10931 | D:14     | Found a gate to the Vaults.
 11261 | D:14     | Found an ornate altar of the Wu Jian Council.
 11426 | D:13     | Identified the +6 dagger "Eputuluh" {freeze, rF+}
 12020 | D:15     | Found a shadowy altar of Dithmenos.
 12105 | D:15     | Noticed a stone giant
 12116 | D:15     | Killed a stone giant
 12118 | D:15     | Found a staircase to the Depths.
 12119 | D:15     | Found the +3 pair of mountain boots {steadfast, rC+}
 12210 | D:15     | Found a runed translucent gate.
 12210 | D:15     | Found a runed translucent gate.
 12211 | D:15     | Noticed a minotaur
 12211 | D:15     | Found a runed translucent gate.
 12211 | D:15     | Noticed Drangen's ghost (journeyman SpHu)
 12341 | D:15     | Found an iron altar of Okawaru.
 12842 | D:4      | Killed MainBain's ghost
 13054 | Orc:1    | Entered Level 1 of the Orcish Mines
 13054 | Orc:1    | Noticed Harold
 13054 | Orc:1    | Found Ytinill's Armour Boutique.
 13063 | Orc:1    | Killed Harold
 13064 | Orc:1    | Reached skill level 15 in Fighting
 13067 | Orc:1    | Reached skill level 15 in Armour
 13073 | Orc:1    | Reached skill level 15 in Shields
 13198 | Orc:1    | Reached ****** piety under Qazlal
 13234 | Orc:1    | Reached XP level 14. HP: 135/135 MP: 13/13
 13326 | Orc:2    | Entered Level 2 of the Orcish Mines
 13335 | Orc:2    | Paralysed by an orc sorcerer for 3 turns
 13410 | Orc:2    | Found a staircase to the Elven Halls.
 13560 | Orc:2    | Reached skill level 15 in Axes
 15632 | Orc:2    | Found Tummuz Tuczo's Distillery.
 15632 | Orc:2    | Found Nayrawag's Antique Armour Emporium.
 15633 | Orc:2    | Found Dudaudd's Book Shoppe.
 15633 | Orc:2    | Found Ceylenky's General Store.
 15782 | Lair:1   | Entered Level 1 of the Lair of Beasts
 15790 | Lair:1   | Noticed Erica
 15934 | Lair:1   | Killed Erica
 16834 | Lair:2   | Reached skill level 16 in Axes
 17051 | Lair:2   | Found a hole to the Spider Nest.
 17099 | Lair:2   | Reached skill level 1 in Invocations
 17663 | Lair:3   | Reached XP level 15. HP: 145/145 MP: 15/15
 18097 | Lair:3   | Found a staircase to the Swamp.
 18646 | Lair:4   | Found a viscous altar of Jiyva.
 18648 | Lair:4   | Found a staircase to the Slime Pits.
 19462 | Lair:5   | Entered Level 5 of the Lair of Beasts
 20674 | Orc:1    | Bought the +5 ring mail "Trusted Companion" {*Corrode Fly
                  | Str+5} for 516 gold pieces
 20775 | Swamp:1  | Entered Level 1 of the Swamp
 20794 | Swamp:1  | Reached skill level 17 in Axes
 20849 | Swamp:1  | Reached skill level 5 in Invocations
 21267 | Swamp:1  | Identified 2 scrolls of acquirement
 21276 | Swamp:1  | Acquired the ring of Etsim {Fly Int+5 Dex-4}
 21290 | Swamp:1  | Acquired a manual of Axes
 21779 | Swamp:2  | Reached XP level 16. HP: 155/155 MP: 19/19
 21796 | Swamp:2  | Noticed Donald
 21812 | Swamp:2  | Noticed Louise
 21820 | Swamp:2  | Killed Donald
 22135 | Swamp:2  | Killed Louise
 22835 | Swamp:3  | Reached skill level 18 in Axes
 22946 | Swamp:3  | Noticed a thorn hunter
 22970 | Swamp:3  | Killed a thorn hunter
 22978 | Swamp:3  | Identified the +1 helmet "Wiohus Qurch" {rCorr}
 23256 | Swamp:4  | Entered Level 4 of the Swamp
 23890 | Swamp:4  | Got a decaying rune of Zot
 24496 | Orc:2    | Bought 2 potions of might for 136 gold pieces
 24496 | Orc:2    | Bought a potion of might for 68 gold pieces
 24496 | Orc:2    | Bought a potion of magic for 136 gold pieces
 24496 | Orc:2    | Bought a potion of invisibility for 136 gold pieces
 24499 | Orc:2    | Bought a potion of brilliance for 56 gold pieces
 24499 | Orc:2    | Bought a scroll of identify for 28 gold pieces
 24827 | Spider:1 | Entered Level 1 of the Spider Nest
 25046 | Spider:1 | Found a runed translucent gate.
 25046 | Spider:1 | Found a runed translucent gate.
 25048 | Spider:1 | Noticed CrazyBamboolord's ghost (adept OgSh)
 25054 | Spider:1 | Found a runed translucent gate.
 25175 | Spider:1 | Reached skill level 19 in Axes
 25493 | Spider:1 | Noticed Rupert
 25497 | Spider:1 | Killed Rupert
 25512 | Spider:1 | Reached XP level 17. HP: 117/166 MP: 0/21
 26726 | Spider:2 | Noticed Arachne
 26987 | Spider:2 | Killed Arachne
 27480 | Spider:3 | Reached skill level 20 in Axes
 28896 | Spider:4 | Entered Level 4 of the Spider Nest
 29337 | Spider:4 | Paralysed by a jorogumo for 3 turns
 29406 | Spider:4 | Reached skill level 21 in Axes
 29409 | Spider:4 | Reached XP level 18. HP: 113/176 MP: 0/24
 30219 | Spider:4 | Reached skill level 10 in Invocations
 30472 | Spider:4 | Got a gossamer rune of Zot
 30786 | Crypt:2  | Identified the "Boheen"
 30786 | Depths:2 | Identified the of Befoig
 30786 | Depths:3 | Identified the "Onuch"
 30786 | Elf:1    | Identified the "Myter"
 30786 | Elf:1    | Entered Level 1 of the Elven Halls
 31207 | Elf:1    | Paralysed by an air elemental for 1 turns
 31210 | Elf:1    | Paralysed by an air elemental for 1 turns
 31656 | Elf:2    | Identified the "Yrey"
 31909 | Elf:2    | Paralysed by an air elemental for 1 turns
 31944 | Elf:2    | Paralysed by an air elemental for 1 turns
 32366 | Elf:2    | Found a runed translucent gate.
 32366 | Elf:2    | Found a runed translucent gate.
 32367 | Elf:2    | Found a runed translucent gate.
 32597 | Elf:3    | Identified the of Ymmot
 32597 | Elf:3    | Identified the "Deb Ygagg"
 32597 | Elf:3    | Identified the "Wamupu"
 32597 | Elf:3    | Identified the of Giosi
 32597 | Elf:3    | Entered Level 3 of the Elven Halls
 32748 | Abyss:2  | Cast into level 2 of the Abyss (a deep elf demonologist)
 32763 | Abyss:2  | Found a corrupted altar of Lugonu.
 32847 | Abyss:2  | Noticed a lich
 32853 | Abyss:2  | Killed a lich
 32854 | Abyss:2  | Reached skill level 22 in Axes
 32873 | Abyss:2  | Reached XP level 19. HP: 180/185 MP: 26/26
 32967 | Abyss:2  | Noticed a bone dragon
 32984 | Abyss:2  | Killed a bone dragon
 32997 | Elf:3    | Escaped the Abyss
 33053 | Abyss:3  | Found a corrupted altar of Lugonu.
 33053 | Abyss:3  | Cast into level 3 of the Abyss (a deep elf sorcerer)
 33082 | Elf:3    | Escaped the Abyss
 33090 | Elf:3    | Noticed a Brimstone Fiend
 33097 | Elf:3    | Killed from afar by a deep elf high priest

Illustrated notes

Levels and vault maps discovered:
D:1:      roadster_arrival_rocket_small, layout_loops_ring, serial_shops,
          nicolae_shop_tiny_glass
D:2:      layout_rooms, minmay_misc_feat_ornament
D:3:      cheibrodos_helix_gallery, layout_rooms, nicolae_titane
D:4:      layout_cave_pools, minmay_temple_entry_overgrown,
          ebering_ghost_rock_garden, enter_ossuary_4, serial_park_tiny_pond
D:5:      cheibrodos_quashed, layout_gridville, nicolae_elyvilon_peaceful_grove,
          nicolae_gozag_seed_capital, overflow_temple_1_default,
          uniq_prince_ribbit1
D:6:      gammafunk_cloud_chamber, layout_basic, portal_sewer_entry_a
D:7:      minmay_the_grid_triangle_9x9_rhombus_full
          [minmay_the_grid_triangle_9x9_from_above,
          minmay_the_grid_triangle_9x9_thin_v,
          minmay_the_grid_triangle_9x9_flanged_cone,
          minmay_the_grid_triangle_9x9_steps,
          minmay_the_grid_triangle_9x9_alien,
          minmay_the_grid_triangle_9x9_longest,
          minmay_the_grid_triangle_9x9_zippers_vertical,
          minmay_the_grid_triangle_9x9_prize_center], layout_gridville
D:8:      layout_loops_ring, mainiacjoe_overflow_cross_hatched, lair_entry_dummy
D:9:      layout_gridville, xom_confusion_cloud, nicolae_tso_carved_into_rock,
          mainiacjoe_overflow_small_starburst, orc_0_dummy, minmay_shop_damaged,
          statue_in_the_mist_lemuel, hangedman_incinerator
D:10:     lemuel_slime, layout_gridville, serial_shops, shop, shop,
          nicolae_shop_behind_doors, uniq_snorg
D:11:     layout_irregular_city
D:12:     layout_long_grid, minivault_11, hangedman_aviary
D:13:     layout_stronghold
D:14:     layout_cave_pools, lightli_vaults_fourway_checkpoint,
          nicolae_wu_jian_immortal_techniques
D:15:     grunt_enter_depths_snipers, layout_rooms,
          grunt_dithmenos_smoke_and_mirrors, gammafunk_ghost_fury_of_okawaru,
          okawaru_trees_2
Temple:   hellmonk_temple_of_storms
Lair:1:   layout_cave_pods, nicolae_lair_run_with_the_wolves,
          infiniplex_staircase_pool, uniq_erica
Lair:2:   layout_regular_city, dummy_spider_entry, bh_autumn_forest_stairs
Lair:3:   layout_regular_city, mainiacjoe_swamp_entry_lozenge_pond,
          grunt_megastairs_3
Lair:4:   layout_loops_ring, minmay_slime_entry_jelly_boxes
Lair:5:   hangedman_lair_caniforms_friends, layout_loops_ring,
          lemuel_fruit_tree, grunt_megastairs_4
Swamp:1:  layout_falls_marsh, nicolae_swamp_decorative_isthmus,
          nicolae_swamp_tree_isthmus, infiniplex_staircase_pool_2
Swamp:2:  layout_falls_marsh, serial_swamp_ruin, evilmike_swamp_ruin_house_2,
          evilmike_swamp_ruin_rubble_2, evilmike_swamp_ruin_house_6,
          swamp_pool_1_2, nicolae_swamp_soggy_hallways, uniq_louise, uniq_donald
Swamp:3:  layout_basic_swamp, evilmike_swamp_ruin_rubble_1, swamp_pool_5,
          kb_tengu_band
Swamp:4:  swamp_icy, layout_basic_swamp
Spider:1: layout_cave_pods, ebering_ghost_rock_garden, uniq_rupert
Spider:2: layout_cave_pods, uniq_arachne
Spider:3: layout_chambers, nicolae_spider_cling_halls
Spider:4: johnstein_spider_rune_arachne_lair, nicolae_spider_circle_web,
          nicolae_orb_island
Orc:1:    layout_caves, serial_shops, shop, uniq_harold
Orc:2:    st_orc_pillars, layout_caves
Elf:1:    eino_elf_arrival_shootout, layout_geoelf_diagonals, minmay_elf_sorcery
Elf:2:    nicolae_elf_blades_splatter_lattice [infiniplex_blade_entry_pillars],
          layout_onion_city
Elf:3:    minmay_elf_hall_hex, layout_gridlike, serial_shops,
          nicolae_shop_just_a_little_nook, st_stairs_2

Skill      XL: |  1  2  3  4  5  6  7  8  9 10 11 12 13 14 15 16 17 18 |
---------------+-------------------------------------------------------+-----
Fighting       | 4 5 6 8 9 10 12 13 15 16 17 18 19 20 | 20.6
Armour         | 4 5 6 7 9 10 12 13 15 16 17 18 19 20 | 20.6
Shields        | 4 5 6 7 9 10 12 13 15 16 17 18 19 20 | 20.6
Axes           | 3 4 5 6 7 9 10 12 13 14 16 17 19 21 22 | 22.3
Invocations    | 1 5 7 9 11 | 11.6

Action                     |  1- 3 |  4- 6 |  7- 9 | 10-12 | 13-15 | 16-18 | 19-21 || total
---------------------------+-------+-------+-------+-------+-------+-------+-------++-------
  Melee: War axe           |    69 |       |       |   206 |  1033 |  1154 |   122 ||  2584
         Headbutt          |    10 |    21 |    41 |    81 |   228 |   319 |    28 ||   728
         Broad axe         |    13 |   115 |   261 |   196 |       |       |       ||   585
  Evoke: Wand              |       |       |       |       |       |     1 |       ||     1
    Use: Potion            |       |       |       |     2 |     2 |     6 |       ||    10
         Scroll            |       |       |       |       |    21 |    11 |     2 ||    34
   Stab: Invisible         |       |       |       |       |       |     5 |       ||     5
 Armour: Scale mail        |    55 |    79 |    35 |       |       |       |       ||   169
         Ring mail         |       |       |   142 |    30 |    12 |       |       ||   184
         Chain mail        |       |       |       |   197 |   433 |   767 |    68 ||  1465
  Dodge: Dodged            |    38 |    53 |    85 |    92 |   147 |   254 |    11 ||   680
         Repelled          |       |       |       |     6 |     2 |    15 |       ||    23
  Block: Buckler           |    19 |    28 |   131 |   385 |    83 |       |       ||   646
         Reflection        |       |       |     3 |    20 |    29 |    38 |       ||    90
         Kite shield       |       |       |       |       |   547 |   915 |       ||  1462
         Tower shield      |       |       |       |       |   393 |   464 |   120 ||   977

Table legend: (Time is in decaauts)
 A = Elapsed time spent in this place.
 B = Non-inter-level travel time spent in this place.
 C = Inter-level travel time spent in this place.
 D = Time resting spent in this place.
 E = Time spent auto-exploring this place.
 F = Levels seen in this place.
 G = Mean time per level.
                   A        B        C        D        E       F      G
               +--------+--------+--------+--------+--------+-----+--------+
         Total |  33008 |  30366 |   2642 |   3531 |  20626 |  38 |  868.6 |
       Dungeon |  13087 |  11700 |   1387 |    834 |   8400 |  15 |  872.5 |
        Temple |     30 |     15 |     15 |      0 |      0 |   1 |   30.0 |
          Lair |   4909 |   4481 |    428 |     91 |   3601 |   5 |  981.8 |
         Swamp |   3542 |   3401 |    141 |    757 |   1992 |   4 |  885.5 |
   Spider Nest |   5745 |   5543 |    202 |    757 |   3671 |   4 | 1436.2 |
  Orcish Mines |   2896 |   2557 |    339 |    861 |   1268 |   2 | 1448.0 |
   Elven Halls |   2079 |   1950 |    129 |    228 |   1288 |   3 |  693.0 |
         Abyss |    250 |    250 |      0 |      0 |    115 |   2 |  125.0 |
         Sewer |    266 |    266 |      0 |      0 |    171 |   1 |  266.0 |
       Ossuary |    202 |    202 |      0 |      0 |    119 |   1 |  202.0 |
               +--------+--------+--------+--------+--------+-----+--------+

Top non-repeatable levels by time:
   Orc:2: 2067 daAuts
     D:7: 1771 daAuts
Spider:1: 1606 daAuts
Spider:4: 1487 daAuts
Spider:3: 1458 daAuts
 Swamp:2: 1219 daAuts
Spider:2: 1192 daAuts
    D:12: 1138 daAuts
  Lair:5: 1073 daAuts
    D:13: 1039 daAuts
     D:5: 1011 daAuts
  Lair:1: 1007 daAuts
  Lair:2: 999 daAuts
 Swamp:4: 993 daAuts
    D:10: 992 daAuts
